 Dungeon Crawl Stone Soup version 0.28-a0-1493-g08698888e4 (webtiles) character file.

Game seed: 6710813402033084755

35935 oldriver the Nimble (level 13, -2/103 HPs)
             Began as a Gnoll Gladiator on Jan 13, 2022.
             Was an Initiate of Gozag.
             Succumbed to Nessos's poison
             ... on level 12 of the Dungeon.
             The game lasted 00:33:31 (27048 turns).

oldriver the Nimble (Gnoll Gladiator)              Turns: 27048, Time: 00:33:35

Health: -2/103     AC: 19    Str: 20    XL:     13   Next: 87%
Magic:  25/25      EV: 16    Int:  2    God:    Gozag
Gold:   1530       SH:  5    Dex: 13    Spells: 27/29 levels left

rFire   + + +      SeeInvis .   y - +7 falchion "Qaoc" {pain, Will++ Int-5}
rCold   . . .      Faith    .   (no shield)
rNeg    . . .      Spirit   .   n - +5 leather armour "Moitof" {rElec rF+ Slay+2}
rPois   .          Reflect  +   D - +3 helmet "Kiqyst" {rElec}
rElec   +          Harm     .   l - +0 cloak
rCorr   .          Rampage  .   A - +2 pair of gloves
Will    ++...                   C - +0 pair of boots {Fly}
Stlth   ++++......              c - amulet of reflection
HPRegen 0.27/turn               j - ring of protection from fire
MPRegen 0.19/turn               q - ring of protection from fire

@: lethally poisoned (-2 -> -57), flying, studying Bows
A: fangs 1, strong nose, distributed training
a: Renounce Religion, Potion Petition, Call Merchant, Bribe Branch


You were on level 12 of the Dungeon.
You worshipped Gozag.
Gozag was most pleased with you.
You visited 3 branches of the dungeon, and saw 17 of its levels.
You also visited: Sewer.

You collected 3483 gold pieces.
You spent 408 gold pieces at shops.
You paid 1545 gold pieces to Gozag.

Inventory:

Hand Weapons
 s - a +3 antimagic flail
 y - the +7 falchion "Qaoc" (weapon) {pain, Will++ Int-5}
   (You found it on level 10 of the Dungeon)

   In the hands of one skilled in necromantic magic, it inflicts extra damage on
   living creatures.
   Int:       It affects your intelligence (-5).
   Will:      It greatly increases your willpower.
 F - a +2 double sword of holy wrath
 G - the +0 falchion "Sufadim" {vorpal, *Slow rPois Str+3 Int+4}
   (You found it on level 1 of the Lair of Beasts)

   It inflicts extra damage upon your enemies.
   Str:       It affects your strength (+3).
   Int:       It affects your intelligence (+4).
   rPois:     It protects you from poison.
   *Slow:     It may slow you when you take damage.
Missiles
 d - 3 throwing nets
 p - 48 bolts
 r - 13 poisoned darts (quivered)
 L - 6 atropa-tipped darts
Armour
 l - a +0 cloak (worn)
 n - the +5 leather armour "Moitof" (worn) {rElec rF+ Slay+2}
   (You found it on level 5 of the Dungeon)

   Slay:      It affects your accuracy & damage with ranged weapons and melee
   (+2).
   rF:        It protects you from fire.
   rElec:     It insulates you from electricity.
 A - a +2 pair of gloves (worn)
 C - a +0 pair of boots of flying (worn)
 D - the +3 helmet "Kiqyst" (worn) {rElec}
   (You bought it in a shop on level 8 of the Dungeon)

   rElec:     It insulates you from electricity.
Jewellery
 c - an amulet of reflection (around neck)
 j - a ring of protection from fire (left hand)
 q - a ring of protection from fire (right hand)
Wands
 i - a wand of paralysis (6)
 w - a wand of flame (42)
 z - a wand of charming (6)
 J - a wand of polymorph (3)
Scrolls
 a - 3 scrolls of enchant weapon
 b - 3 scrolls of magic mapping
 g - 2 scrolls of fog
 v - 2 scrolls of teleportation
 E - a scroll of blinking
 H - a scroll of summoning
 I - 2 scrolls of identify
Potions
 e - a potion of magic
 f - 5 potions of attraction
 h - 3 potions of berserk rage
 k - a potion of heal wounds
 m - a potion of might
 o - 6 potions of curing
 u - 2 potions of degeneration
 x - 2 potions of brilliance {unknown}
 B - a potion of cancellation {unknown}
 K - a potion of lignification {unknown}


   Skills:
 + Level 10.0 Fighting
 + Level 8.8 Short Blades
 + Level 11.0 Long Blades
 + Level 8.8 Axes
 + Level 8.8 Maces & Flails
 + Level 8.8 Polearms
 + Level 8.8 Staves
 + Level 8.8 Slings
 + Level 9.9 Bows
 + Level 8.8 Crossbows
 + Level 10.0 Throwing
 + Level 8.8 Armour
 + Level 11.0 Dodging
 + Level 8.8 Stealth
 + Level 8.8 Shields
 + Level 8.8 Unarmed Combat
 + Level 8.8 Spellcasting
 + Level 7.3 Conjurations
 + Level 7.3 Hexes
 + Level 7.3 Summonings
 + Level 7.3 Necromancy
 + Level 7.3 Translocations
 + Level 7.3 Transmutations
 + Level 7.3 Fire Magic
 + Level 7.3 Ice Magic
 + Level 7.3 Air Magic
 + Level 7.3 Earth Magic
 + Level 7.3 Poison Magic
 + Level 9.6 Invocations
 + Level 8.8 Evocations


You had 27 spell levels left.
You knew the following spells:

 Your Spells              Type           Power      Damage    Failure   Level
a - Blink                 Tloc           6%         N/A       2%          2

Your spell library contained the following spells:

 Spells                   Type           Power      Damage    Failure   Level
 Static Discharge         Conj/Air       3%         N/A       2%          2
 Lesser Beckoning         Tloc           3%         N/A       4%          3
 Dispel Undead            Necr           3%         3d7       16%         4
 Sticky Flame             Conj/Fire      3%         2d3       16%         4
 Fireball                 Conj/Fire      1%         3d3       38%         5
 Iskenderun's Battlesphe  Conj           3%         2d6       38%         5
 Lightning Bolt           Conj/Air       1%         1d12      38%         5
 Manifold Assault         Tloc           3%         N/A       38%         5
 Conjure Ball Lightning   Conj/Air       1%         3x3d6     93%         6
 Orb of Destruction       Conj           1%         N/A       100%        7
 Maxwell's Capacitive Co  Air            1%         ∞         100%        8


Dungeon Overview and Level Annotations

Branches:
Dungeon (13/15)            Temple (1/1) D:5            Lair (3/6) D:11
 Spider (0/4) Lair:2          Orc (0/2) D:12          Sewer (visited)
  Swamp: Lair:2-4    Shoals: Lair:2-4     Snake: Lair:2-4    Vaults: D:13-14

Altars:
Ashenzari
Cheibriados
Dithmenos
Elyvilon
Fedhas
Gozag
Hepliaklqana
Kikubaaqudgha
Makhleb
Nemelex Xobeh
Okawaru
Qazlal
Ru
Sif Muna
Trog
Uskayaw
Vehumet
Wu Jian
Xom
Yredelemnul
Zin
The Shining One

Shops:
D:2 ?!   D:8 [   D:12 [   Lair:2 (

Annotations:
D:2 Crazy Yiuf
D:4 1 runed translucent door, Iich's ghost, amateur MiBe
D:12 Snorg
D:13 Nessos
Lair:2 exclusion: oklob plant


Innate Abilities, Weirdness & Mutations

You have very sharp teeth.
Your uncanny sense of smell can sniff out nearby items.
Your experience applies equally to all skills.


Message History

You start resting.
Nessos is nearby!
Nessos is nearby!
Nessos is nearby!
Nessos is nearby!
You now have 1530 gold pieces (gained 13).
There are no items here.
You start resting.
Nessos is nearby!
You start resting.
Snorg is nearby!
You see here 7 gold pieces.
You see here 7 gold pieces.
Nessos shouts!
Nessos gestures wildly while chanting.
Nessos seems to speed up.
Snorg barely misses you. Snorg misses you. You block Snorg's attack.
Snorg goes berserk!
Nessos shoots an arrow.
The arrow barely misses you.
Nessos shoots an arrow.
The arrow hits you but does no damage.
Nessos casts a spell.
Nessos blinks!
Nessos shoots an arrow.
The arrow hits you!!
You are poisoned.
Nessos shoots an arrow.
The arrow hits you! The arrow burns you.
You are more poisoned.
There is a stone staircase leading up, spattered with blood here.
You feel extremely sick.
Nessos shoots an arrow.
The arrow completely misses you. You block Snorg's attack.
Snorg closely misses you. Snorg claws you.
Nessos casts a spell.
Nessos blinks!
Snorg bites you. Snorg claws you!
* * * LOW HITPOINT WARNING * * *
Snorg claws you.
* * * LOW HITPOINT WARNING * * *
Nessos shoots an arrow.
The arrow hits you!
* * * LOW HITPOINT WARNING * * *
You are more poisoned.
You fly upwards.
You die...
Your body crumbles into a pile of gold.

...#...# #.# ...#...#
#.## ..)#...# #..#
...#)..# #..#
...#...##########..#
...#...............#
####[..............#
.......#####.....T.##
.....### #..[[@...#
###### #.....[..#
#........# #........#
#........# #........#
#...###### #...#
#...#


You could see Snorg (berserk).

Vanquished Creatures
  Harold (D:9)
  An ice dragon (D:11)
  6 hydras
  A boulder beetle (D:12)
  A two-headed ogre (D:10)
  Urug (D:10)
  2 lindwurms (Lair:1)
  3 cyclopes (D:12)
  7 elephants
  Maurice (D:12)
  A gargoyle (D:10)
  A black mamba (Lair:3)
  7 cane toads
  An unseen horror (D:10)
  A rime drake (Lair:1)
  4 komodo dragons
  A troll (D:12)
  3 polar bears (D:11)
  3 meliai (D:12)
  6 slime creatures (D:12)
  5 blink frogs
  A shadow (D:12)
  4 jumping spiders (Lair:2)
  4 basilisks
  4 wraiths
  36 yaks
  2 vampires
  4 wyverns
  8 redbacks
  2 steam dragons
  13 vampire mosquitoes
  11 water moccasins
  Duvessa (D:5)
  An acid dragon (D:10)
  3 orc warriors
  5 black bears
  A sky beast (D:8)
  An ice beast (D:6)
  4 ogres
  2 necrophages (D:6)
  3 wolves (D:11)
  7 centaurs
  10 bullfrogs
  A scorpion (D:5)
  6 wights
  Dowan (D:5)
  5 killer bees
  2 electric eels (Lair:1)
  A centaur skeleton (D:6)
  7 orc priests
  2 centaur zombies
  2 jellies
  A bullfrog skeleton (D:5)
  2 hounds
  4 iguanas
  9 orc wizards
  Robin (D:2)
  7 gnolls
  2 river rats (Sewer)
  7 adders
  A white imp (D:5)
  2 ufetubi
  An adder skeleton (D:4)
  3 worms
  3 dart slugs
  36 orcs
  2 endoplasms
  9 giant cockroaches
  10 goblins
  4 hobgoblins
  3 quokkas
  11 ball pythons
  12 bats
  2 frilled lizards (D:3)
  9 kobolds
  10 rats
362 creatures vanquished.

Vanquished Creatures (collateral kills)
  A gnoll sergeant (D:12)
  An orc (D:12)
2 creatures vanquished.

Vanquished Creatures (others)
  Josephine (D:12)
  A water moccasin (Lair:1)
  An orc (D:12)
  16 fungi
  61 plants
  9 toadstools (Lair:1)
89 creatures vanquished.

Grand Total: 453 creatures vanquished

Notes
Turn   | Place    | Note
-------+----------+-------------------------------------------
     0 | D:1      | oldriver the Gnoll Gladiator began the quest for the Orb.
     0 | D:1      | Reached XP level 1. HP: 20/20 MP: 1/1
   297 | D:1      | Reached XP level 2. HP: 26/26 MP: 2/2
   521 | D:1      | Reached XP level 3. HP: 19/31 MP: 3/3
  1161 | D:2      | Reached skill level 1 in Invocations
  1281 | D:2      | Found Fousisy's Magic Scroll Shoppe.
  1394 | D:2      | Reached skill level 1 in Short Blades
  1394 | D:2      | Reached skill level 1 in Axes
  1394 | D:2      | Reached skill level 1 in Maces & Flails
  1394 | D:2      | Reached skill level 1 in Polearms
  1394 | D:2      | Reached skill level 1 in Staves
  1394 | D:2      | Reached skill level 1 in Slings
  1394 | D:2      | Reached skill level 1 in Bows
  1394 | D:2      | Reached skill level 1 in Crossbows
  1394 | D:2      | Reached skill level 1 in Armour
  1394 | D:2      | Reached skill level 1 in Stealth
  1394 | D:2      | Reached skill level 1 in Shields
  1394 | D:2      | Reached skill level 1 in Unarmed Combat
  1394 | D:2      | Reached skill level 1 in Spellcasting
  1394 | D:2      | Reached skill level 1 in Evocations
  1415 | D:2      | Reached XP level 4. HP: 38/38 MP: 5/5
  1580 | D:2      | Reached skill level 1 in Conjurations
  1580 | D:2      | Reached skill level 1 in Hexes
  1580 | D:2      | Reached skill level 1 in Summonings
  1580 | D:2      | Reached skill level 1 in Necromancy
  1580 | D:2      | Reached skill level 1 in Translocations
  1580 | D:2      | Reached skill level 1 in Transmutations
  1580 | D:2      | Reached skill level 1 in Fire Magic
  1580 | D:2      | Reached skill level 1 in Ice Magic
  1580 | D:2      | Reached skill level 1 in Air Magic
  1580 | D:2      | Reached skill level 1 in Earth Magic
  1580 | D:2      | Reached skill level 1 in Poison Magic
  1601 | D:2      | Noticed Robin
  1617 | D:2      | Killed Robin
  1621 | D:2      | Found Taedgh's Distillery.
  2071 | D:2      | Found a runed translucent door.
  2072 | D:2      | Noticed Crazy Yiuf
  2168 | D:2      | Reached XP level 5. HP: 43/43 MP: 6/6
  3271 | D:3      | Found a glowing drain.
  3280 | Sewer    | Entered a sewer
  4112 | Sewer    | Noticed a kobold brigand
  4112 | Sewer    | Noticed a kobold brigand
  4254 | Sewer    | Reached skill level 5 in Invocations
  4254 | Sewer    | Reached XP level 6. HP: 53/53 MP: 7/12
  4595 | D:4      | Found a runed translucent door.
  4602 | D:4      | Noticed Iich's ghost (amateur MiBe)
  5097 | D:5      | Entered Level 5 of the Dungeon
  5135 | D:5      | Noticed Duvessa
  5135 | D:5      | Noticed Dowan
  5150 | D:4      | Reached XP level 7. HP: 59/59 MP: 13/13
  5311 | D:5      | Killed Duvessa
  5496 | D:5      | Killed Dowan
  6115 | D:5      | Found a staircase to the Ecumenical Temple.
  6267 | D:5      | Reached XP level 8. HP: 61/65 MP: 15/15
  6272 | D:5      | Identified the +5 leather armour "Moitof" {rElec rF+
                  | Slay+2}
  6292 | D:5      | Found a blossoming altar of Fedhas.
  6310 | Temple   | Entered the Ecumenical Temple
  6530 | Temple   | Became a worshipper of Gozag Ym Sagoz the Greedy
  7540 | D:5      | Reached skill level 5 in Short Blades
  7540 | D:5      | Reached skill level 5 in Axes
  7540 | D:5      | Reached skill level 5 in Maces & Flails
  7540 | D:5      | Reached skill level 5 in Polearms
  7540 | D:5      | Reached skill level 5 in Staves
  7540 | D:5      | Reached skill level 5 in Slings
  7540 | D:5      | Reached skill level 5 in Bows
  7540 | D:5      | Reached skill level 5 in Crossbows
  7540 | D:5      | Reached skill level 5 in Armour
  7540 | D:5      | Reached skill level 5 in Stealth
  7540 | D:5      | Reached skill level 5 in Shields
  7540 | D:5      | Reached skill level 5 in Unarmed Combat
  7540 | D:5      | Reached skill level 5 in Spellcasting
  7540 | D:5      | Reached skill level 5 in Evocations
  7642 | D:5      | Learned a level 2 spell: Blink
  8319 | D:6      | Reached XP level 9. HP: 71/71 MP: 16/16
  8664 | D:6      | You fall into a shaft and drop 3 floors!
  8937 | D:7      | Noticed a hornet
  9272 | D:6      | Found a glowing golden altar of the Shining One.
  9583 | D:7      | Found an ornate altar of the Wu Jian Council.
 10375 | D:8      | Found Xeudong's Antique Armour Boutique.
 10383 | D:8      | Bought a pair of runed boots for 180 gold pieces
 10383 | D:8      | Bought a twisted helmet for 228 gold pieces
 10383 | D:8      | Identified the +3 helmet "Kiqyst" {rElec} (You bought it in
                  | a shop on level 8 of the Dungeon)
 10955 | D:9      | Noticed Harold
 11085 | D:9      | Paralysed by a vampire for 2 turns
 11100 | D:9      | Reached XP level 10. HP: 62/79 MP: 6/18
 11279 | D:9      | Killed Harold
 11754 | D:10     | Entered Level 10 of the Dungeon
 12319 | D:10     | Killed an unseen horror
 12320 | D:10     | Reached skill level 5 in Conjurations
 12320 | D:10     | Reached skill level 5 in Hexes
 12320 | D:10     | Reached skill level 5 in Summonings
 12320 | D:10     | Reached skill level 5 in Necromancy
 12320 | D:10     | Reached skill level 5 in Translocations
 12320 | D:10     | Reached skill level 5 in Transmutations
 12320 | D:10     | Reached skill level 5 in Fire Magic
 12320 | D:10     | Reached skill level 5 in Ice Magic
 12320 | D:10     | Reached skill level 5 in Air Magic
 12320 | D:10     | Reached skill level 5 in Earth Magic
 12320 | D:10     | Reached skill level 5 in Poison Magic
 12600 | D:10     | Noticed a gargoyle
 12765 | D:10     | Noticed a two-headed ogre
 12773 | D:10     | Killed a two-headed ogre
 13203 | D:10     | Killed a gargoyle
 13204 | D:10     | Reached XP level 11. HP: 41/86 MP: 6/20
 13440 | D:10     | Identified the +7 falchion "Qaoc" {pain, Will++ Int-5}
 13501 | D:10     | Noticed Urug
 13524 | D:10     | Killed Urug
 14193 | D:11     | Found a staircase to the Lair.
 14669 | D:11     | Found a frozen archway.
 14671 | D:11     | Noticed an ice dragon
 14951 | D:11     | Killed an ice dragon
 15531 | Lair:1   | Entered Level 1 of the Lair of Beasts
 15816 | Lair:1   | Noticed an eight-headed hydra
 15845 | Lair:1   | Killed an eight-headed hydra
 15846 | Lair:1   | Reached XP level 12. HP: 84/94 MP: 22/22
 16363 | Lair:1   | Noticed a six-headed hydra
 16698 | Lair:1   | Killed a six-headed hydra
 17147 | Lair:1   | Found a runed translucent door.
 17203 | Lair:1   | Reached skill level 10 in Long Blades
 17203 | Lair:1   | Reached skill level 10 in Dodging
 17753 | Lair:1   | Identified the +0 falchion "Sufadim" {vorpal, *Slow rPois
                  | Str+3 Int+4}
 17839 | Lair:2   | Noticed a four-headed hydra
 18015 | Lair:2   | Killed a four-headed hydra
 18815 | Lair:2   | Noticed a four-headed hydra
 18860 | Lair:2   | Killed a four-headed hydra
 19781 | Lair:1   | Reached XP level 13. HP: 80/101 MP: 25/25
 20225 | Lair:2   | Found a hole to the Spider Nest.
 22334 | Lair:3   | Noticed a dire elephant
 24267 | D:12     | Noticed Josephine
 24607 | D:12     | Noticed Maurice
 24635 | D:12     | Killed Maurice
 24920 | D:12     | Your ally Josephine died
 25615 | D:12     | Found a staircase to the Orcish Mines.
 26439 | D:13     | Noticed Nessos
 26441 | D:13     | Noticed Snorg
 26882 | D:13     | Reached skill level 10 in Fighting
 26882 | D:13     | Reached skill level 10 in Throwing
 27048 | D:12     | Succumbed to Nessos's poison

Illustrated notes

Levels and vault maps discovered:
D:1:      sevenhm_arrival_forest_fort_large_3, layout_loops_ring,
          minmay_crystal_water, minmay_door_square, chequers_avenue
D:2:      layout_loops_ring, serial_shops, shop, nicolae_shop_behind_doors,
          minivault_14, minmay_misc_feat_rows, kennysheep_cross_room,
          hangedman_feature_mirror, uniq_crazy_yiuf_cottage, uniq_robin
D:3:      layout_loops_ring, portal_sewer_entry_b, lightli_corner_chamber
D:4:      layout_basic, ebering_ghost_reflecting_pool, grunt_decor_arrowhead
D:5:      layout_cave_pods, fedhas_bush_and_centaur_altar, temple_doors_e,
          uniq_duvessa
D:6:      layout_rooms, tso_oasis_becter, nicolae_figureground_sparkle
D:7:      layout_cave_pods, pdpol_wu_jian_five_deadly_venoms
D:8:      layout_basic, serial_shops, nicolae_shop_statue_plus,
          serial_park_tiny_2
D:9:      layout_basic, kennysheep_nub, uniq_harold
D:10:     layout_basic, uniq_urug
D:11:     layout_loops_ring, minmay_lair_entry_grove,
          portal_ice_cave_entry_animals_and_master
D:12:     layout_irregular_city, hiddenorc1_lemuel, drop_trap, uniq_maurice,
          uniq_josephine
D:13:     layout_cave_pools, special_room [special_room_orc],
          kennysheep_minor_cross, uniq_nessos, uniq_kirke, uniq_snorg
Temple:   mainiacjoe_temple_bowtie_tessellation
Lair:1:   gammafunk_lair_enchanted_lake, layout_hall_layers,
          nicolae_quartered_pool_super, lemuel_old_faithful
Lair:2:   layout_regular_city, nicolae_spider_entry_tight_spaces,
          serial_bayou_shore_b
Lair:3:   layout_roguey, minmay_swamp_entry_eels, nicolae_lair_grazing_beasts
          [nicolae_sub_lair_graze_edge, nicolae_sub_lair_graze_edge,
          nicolae_sub_lair_graze_edge, nicolae_sub_lair_graze_edge],
          uniq_prince_ribbit2

Skill      XL: |  1  2  3  4  5  6  7  8  9 10 11 12 13 |
---------------+----------------------------------------+-----
Invocations    | 1 5 6 7 8 9 |  9.6
Short Blades   | 1 4 5 6 7 8 |  8.8
Axes           | 1 4 5 6 7 8 |  8.8
Maces & Flails | 1 4 5 6 7 8 |  8.8
Polearms       | 1 4 5 6 7 8 |  8.8
Staves         | 1 4 5 6 7 8 |  8.8
Slings         | 1 4 5 6 7 8 |  8.8
Bows           | 1 4 5 6 7 8 9 |  9.9
Crossbows      | 1 4 5 6 7 8 |  8.8
Armour         | 1 4 5 6 7 8 |  8.8
Stealth        | 1 4 5 6 7 8 |  8.8
Shields        | 1 4 5 6 7 8 |  8.8
Unarmed Combat | 1 4 5 6 7 8 |  8.8
Spellcasting   | 1 4 5 6 7 8 |  8.8
Evocations     | 1 4 5 6 7 8 |  8.8
Conjurations   | 1 3 4 5 6 7 |  7.3
Hexes          | 1 3 4 5 6 7 |  7.3
Summonings     | 1 3 4 5 6 7 |  7.3
Necromancy     | 1 3 4 5 6 7 |  7.3
Translocations | 1 3 4 5 6 7 |  7.3
Transmutations | 1 3 4 5 6 7 |  7.3
Fire Magic     | 1 3 4 5 6 7 |  7.3
Ice Magic      | 1 3 4 5 6 7 |  7.3
Air Magic      | 1 3 4 5 6 7 |  7.3
Earth Magic    | 1 3 4 5 6 7 |  7.3
Poison Magic   | 1 3 4 5 6 7 |  7.3
Fighting       | 6 7 8 9 10 | 10.0
Long Blades    | 8 9 10 11 | 11.0
Throwing       | 6 7 8 9 10 | 10.0
Dodging        | 8 9 10 11 | 11.0

Action                   |  1- 3 |  4- 6 |  7- 9 | 10-12 | 13-15 || total
-------------------------+-------+-------+-------+-------+-------++-------
Melee: Long sword        |    89 |   182 |   187 |       |       ||   458
       Bite              |     2 |    14 |    34 |   108 |    72 ||   230
       Punch             |     1 |     6 |    20 |    39 |    35 ||   101
       Flail             |       |       |   100 |   241 |    26 ||   367
       Double sword      |       |       |       |   293 |       ||   293
       Falchion          |       |       |       |   138 |   400 ||   538
Throw: Dart              |       |    17 |    27 |     4 |    15 ||    63
       Throwing net      |       |     1 |     2 |       |       ||     3
Invok: Call Merchant     |       |       |       |     1 |     1 ||     2
Evoke: Wand              |       |       |       |     6 |     2 ||     8
  Use: Scroll            |       |     6 |     4 |     7 |     3 ||    20
       Potion            |       |     4 |       |     3 |     2 ||     9
 Stab: Sleeping          |     2 |     1 |     1 |     8 |     3 ||    15
       Distracted        |       |       |       |     6 |     3 ||     9
       Invisible         |       |       |       |       |     1 ||     1
Armor: Leather armour    |    22 |    19 |   116 |   334 |   250 ||   741
       Scale mail        |       |    50 |    24 |       |       ||    74
Dodge: Dodged            |    73 |   122 |   256 |   512 |   307 ||  1270
Block: Other             |       |       |     5 |   158 |    93 ||   256
       Reflection        |       |       |     2 |       |     1 ||     3

Table legend: (Time is in decaauts)
 A = Elapsed time spent in this place.
 B = Non-inter-level travel time spent in this place.
 C = Inter-level travel time spent in this place.
 D = Time resting spent in this place.
 E = Time spent auto-exploring this place.
 F = Levels seen in this place.
 G = Mean time per level.
                   A        B        C        D        E       F      G
               +--------+--------+--------+--------+--------+-----+--------+
         Total |  27076 |  26217 |    859 |  10725 |  10565 |  18 | 1504.2 |
       Dungeon |  19027 |  18388 |    639 |   7263 |   7684 |  13 | 1463.6 |
        Temple |    236 |    205 |     31 |      0 |    188 |   1 |  236.0 |
          Lair |   6754 |   6565 |    189 |   2969 |   2358 |   3 | 2251.3 |
         Sewer |   1057 |   1057 |      0 |    493 |    335 |   1 | 1057.0 |
               +--------+--------+--------+--------+--------+-----+--------+

Top non-repeatable levels by time:
    D:12: 3310 daAuts
  Lair:1: 3155 daAuts
     D:5: 2438 daAuts
  Lair:2: 2426 daAuts
    D:11: 2128 daAuts
    D:10: 2073 daAuts
     D:9: 1744 daAuts
     D:1: 1380 daAuts
     D:2: 1255 daAuts
     D:8: 1179 daAuts
  Lair:3: 1173 daAuts
     D:6: 1102 daAuts
   Sewer: 1057 daAuts
     D:4: 865 daAuts
     D:3: 788 daAuts
